 Dungeon Crawl Stone Soup version 0.20.1-1-g8b1a95d (webtiles) character file.

9757 Mesmaeker13 the Artisan of Death (level 11, -6/47 HPs)
             Began as a Vine Stalker Necromancer on Aug 15, 2017.
             Was a Priest of Kikubaaqudgha.
             Mangled by a komodo dragon (16 damage)
             ... on level 11 of the Dungeon on Aug 16, 2017.
             The game lasted 01:01:20 (17700 turns).

Mesmaeker13 the Artisan of Death (VSNe)            Turns: 17700, Time: 01:01:21

Health: -6/47      AC:  6    Str: 10      XL:     11   Next: 51%
Magic:  0/19       EV: 16    Int: 18      God:    Kikubaaqudgha [***...]
Gold:   523        SH:  0    Dex: 13 (16) Spells: 4/20 levels left

rFire    . . .     SeeInvis +   K - +5 great sword
rCold    . . .     Gourm    .   (shield currently unavailable)
rNeg     + . .     Faith    .   M - +0 troll leather armour
rPois    .         Spirit   +   o - +0 helmet
rElec    .         Reflect  .   (no cloak)
rCorr    .         Harm     .   (no gloves)
MR       +....                  p - +0 pair of boots
Stlth    ++........             (no amulet)
Regen    1.0/turn               e - ring of see invisible
MPRegen  0.2/turn               m - ring of positive energy

@: no status effects
A: fangs 3, regeneration 1, magic shield, antimagic bite, no potion heal 3, rot
immunity
a: Receive Corpses, Renounce Religion


You were on level 11 of the Dungeon.
You worshipped Kikubaaqudgha.
Kikubaaqudgha was most pleased with you.
You were near starving.

You visited 2 branches of the dungeon, and saw 12 of its levels.
You also visited: Bailey.

You collected 626 gold pieces.
You spent 103 gold pieces at shops.

Inventory:

Hand Weapons
 d - a +0 dagger of speed
 n - a +3 dagger
 v - a cursed +0 hand crossbow
 A - a +0 blowgun
 K - a +5 great sword (weapon)
 L - a +4 dagger
Missiles
 i - 34 sling bullets
 s - 6 needles of confusion
 u - 132 stones (quivered)
 I - 21 poisoned needles
Armour
 f - the +2 shield of Resistance {rF+ rC+ MR+}
   (You found it on level 7 of the Dungeon)

   It protects you from fire.
   It protects you from cold.
   It affects your resistance to hostile enchantments.
 k - a +2 robe of magic resistance
 o - a +0 helmet (worn)
 p - a +0 pair of boots (worn)
 y - the +1 robe of Brilliance {rC++ rN+}
   (You found it on level 6 of the Dungeon)

   It greatly protects you from cold.
   It protects you from negative energy.
 G - a +2 leather armour of cold resistance
 M - a +0 troll leather armour (worn)
Jewellery
 e - a ring of see invisible (left hand)
 m - a ring of positive energy (right hand)
Wands
 t - a wand of paralysis (8/24)
Scrolls
 a - a scroll of identify
 g - a scroll of teleportation
 h - 2 scrolls of enchant armour
 l - 4 scrolls of magic mapping
 r - 2 scrolls of remove curse
 H - 2 scrolls of recharging
 J - a scroll of amnesia
Potions
 j - a potion of flight
 w - 2 potions of cancellation
 E - a potion of curing
 F - a potion of berserk rage {unknown}
Books
 b - a book of Necromancy

   Spells                             Type                      Level
   a - Pain                           Necromancy                   1
   b - Animate Skeleton               Necromancy                   1
   c - Vampiric Draining              Necromancy                   3
   d - Regeneration                   Charms/Necromancy            3
   e - Animate Dead                   Necromancy                   4
   f - Control Undead                 Necromancy                   4
 q - a book of Geomancy

   Spells                             Type                      Level
   a - Sandblast                      Earth                        1
   b - Passwall                       Transmutation/Earth          2
   c - Stone Arrow                    Conjuration/Earth            3
   d - Petrify                        Transmutation/Earth          4
   e - Lee's Rapid Deconstruction     Earth                        5
 z - a book of Minor Magic

   Spells                             Type                      Level
   a - Magic Dart                     Conjuration                  1
   b - Blink                          Translocation                2
   c - Call Imp                       Summoning                    2
   d - Slow                           Hexes                        2
   e - Conjure Flame                  Conjuration/Fire             3
   f - Mephitic Cloud                 Conjuration/Poison/Air       3
 C - Kikubaaqudgha's Disquisition on Sinister Rituals
   (Kikubaaqudgha gifted it to you on level 7 of the Dungeon)

   Spells                             Type                      Level
   a - Pain                           Necromancy                   1
   b - Corpse Rot                     Necromancy                   2
   c - Sublimation of Blood           Necromancy                   2
   d - Vampiric Draining              Necromancy                   3
   e - Control Undead                 Necromancy                   4
 O - Kikubaaqudgha's Disquisition on Darkness
   (Kikubaaqudgha gifted it to you on level 11 of the Dungeon)

   Spells                             Type                      Level
   a - Animate Dead                   Necromancy                   4
   b - Excruciating Wounds            Charms/Necromancy            5
   c - Bolt of Draining               Conjuration/Necromancy       5
   d - Cigotuvi's Embrace             Necromancy                   5
   e - Dispel Undead                  Necromancy                   5
Comestibles
 c - 2 bread rations
 x - a royal jelly
 B - 2 fruits
 D - 5 meat rations


   Skills:
 + Level 9.1 Dodging
 - Level 2.4 Stealth
 + Level 5.6 Shields
 + Level 5.1 Spellcasting
 + Level 11.2 Necromancy
 - Level 5.5 Earth Magic


You had 4 spell levels left.
You knew the following spells:

 Your Spells              Type           Power        Failure   Level  Hunger
a - Pain                  Necr           ####         1%          1    None
b - Vampiric Draining     Necr           #####.....   1%          3    ##.....
c - Animate Dead          Necr           N/A          1%          4    ####...
d - Regeneration          Chrm/Necr      ###.......   5%          3    ##.....
e - Control Undead        Necr           #####.....   1%          4    ####...
f - Sandblast             Erth           ###...       1%          1    None


Dungeon Overview and Level Annotations

Branches:
Dungeon (11/15)            Temple (1/1) D:7            Lair (0/6) D:11
    Orc: D:9-12

Altars:
Ashenzari
Cheibriados
Dithmenos
Elyvilon
Fedhas
Gozag
Hepliaklqana
Kikubaaqudgha
Makhleb
Nemelex Xobeh
Okawaru
Qazlal
Ru
Sif Muna
Trog
Uskayaw
Vehumet
Xom
Yredelemnul
Zin
The Shining One

Shops:
D:4 *   D:5 [:   D:9 %

Portals:
Trove: D:10 (show slimy rune of Zot)

Annotations:
D:3 Tav's ghost, weakling DrBe
D:4 Dowan; Duvessa
D:7 exclusion: oklob plant


Innate Abilities, Weirdness & Mutations

You have razor-sharp teeth.
Your natural rate of healing is unusually fast.
When hurt, damage is shared between your health and your magic reserves.
Your bite disrupts and absorbs the magic of your enemies.
Potions cannot restore your health.
You are immune to rotting.


Message History

The vampire draws strength from your injuries!
You see here a cyclops corpse.
You closely miss the vampire. You bite the vampire.
The vampire's magic leaks into the air.
You drain its magic.
You feel invigorated.
The vampire is lightly damaged.
The vampire falters for a moment.
The vampire hits you! The vampire barely misses you.
The komodo dragon closely misses you.
You closely miss the vampire. You bite the vampire, but do no damage.
The vampire is lightly damaged.
The vampire closely misses you. The vampire completely misses you.
The komodo dragon completely misses you.
The vampire barely misses you. The vampire bites you!
* * * LOW HITPOINT WARNING * * *
The vampire draws strength from your injuries!
You slash the vampire!
The vampire is moderately damaged.
The komodo dragon bites you!
You die...
Kikubaaqudgha rasps: "You have failed me!
Welcome... death!"

#.....#####..##.#(..#
####....#.#.!..#.....#
#..%..................#
.#..............(.....#
.....####......(......#
....# #..!..........#
.... #.....†.......#
... #.......#.#..## #.
##.....V@##.##
#...#.l##### #.#.##...
##.####### #. #.


You could see a komodo dragon and a vampire.

Vanquished Creatures
  Prince Ribbit (D:9)
  A hippogriff (D:8)
  A hornet (D:8)
  14 yaks
  Sigmund (D:4)
  A hungry ghost (D:6)
  3 orc warriors
  2 sky beasts
  A black bear (D:11)
  A necrophage (D:10)
  4 ogres
  5 centaurs
  A big kobold (D:9)
  7 bullfrogs
  4 scorpions
  2 wyvern skeletons
  4 wights
  18 killer bees
  3 jellies (D:2)
  5 crimson imps
  A bullfrog zombie (D:11)
  A quasit (D:11)
  7 hounds
  10 orc wizards
  6 orc priests
  2 bullfrog skeletons
  8 iguanas
  Ijyb (D:4)
  9 worker ants
  A killer bee zombie (D:9)
  A hound zombie (D:6)
  A worker ant zombie (D:10)
  Robin (D:3)
  2 gnolls (Bailey)
  11 adders
  A river rat (D:6)
  A shadow imp (D:5)
  8 oozes
  An adder skeleton (D:6)
  A worm (D:4)
  2 dart slugs
  6 leopard geckos
  46 orcs
  3 bats
  8 giant cockroaches
  17 goblins
  7 hobgoblins
  12 jackals
  3 quokkas
  3 frilled lizards
  17 kobolds
  A leopard gecko skeleton (D:4)
  A quokka skeleton (D:9)
  5 rats
284 creatures vanquished.

Vanquished Creatures (collateral kills)
  2 two-headed ogres
  A manticore (D:8)
  A cyclops (D:11)
  A troll (D:10)
  A guardian mummy (D:10)
  A wyvern (D:8)
  A hornet zombie (D:8)
  An ogre (D:9)
  A phantom (D:7)
  A centaur (D:8)
  A crocodile (D:10)
  2 bullfrogs (D:9)
  A killer bee (D:8)
  2 wights (D:9)
  A crimson imp (D:6)
  An orc priest (D:8)
  2 jellies
  A hound (D:11)
  An orc wizard (D:10)
  A bullfrog skeleton (D:5)
  An iguana (D:8)
  2 gnolls (Bailey)
  An adder (D:8)
  An adder skeleton (D:8)
  2 leopard geckos
  2 orcs
  A goblin (D:11)
  2 jackals
36 creatures vanquished.

Vanquished Creatures (others)
  21 fungi
  11 plants
  24 toadstools
56 creatures vanquished.

Grand Total: 376 creatures vanquished

Notes
Turn   | Place    | Note
-------+----------+-------------------------------------------
     0 | D:1      | Mesmaeker13 the Vine Stalker Necromancer began the quest for the Orb.
     0 | D:1      | Reached XP level 1. HP: 9/9 MP: 4/4
   437 | D:1      | Reached XP level 2. HP: 13/13 MP: 6/6
  1612 | D:1      | Reached XP level 3. HP: 11/16 MP: 2/7
  1789 | D:2      | Found a stormy altar of Qazlal.
  1794 | D:2      | Learned a level 3 spell: Vampiric Draining
  2773 | D:2      | Found a glowing silver altar of Zin.
  2883 | D:2      | Gained mutation: Your natural rate of healing is unusually fast. [Vine Stalker growth]
  2883 | D:2      | Reached XP level 4. HP: 6/21 MP: 4/9
  3388 | D:2      | Reached skill level 5 in Necromancy
  3388 | D:2      | Reached XP level 5. HP: 22/24 MP: 4/11
  3792 | D:3      | Noticed Robin
  3936 | D:3      | Killed Robin
  4039 | D:3      | Noticed Tav's ghost (weakling DrBe)
  4073 | D:4      | Found Ixozenk's General Store.
  4110 | D:4      | Learned a level 4 spell: Animate Dead
  4178 | D:4      | Reached XP level 6. HP: 10/28 MP: 1/12
  4834 | D:4      | Noticed Ijyb
  4854 | D:4      | Killed Ijyb
  5082 | D:4      | Noticed Sigmund
  5094 | D:4      | Killed Sigmund
  5094 | D:4      | Reached skill level 6 in Necromancy
  5094 | D:4      | Reached XP level 7. HP: 31/32 MP: 11/14
  5453 | D:4      | Noticed Dowan
  5473 | D:4      | Noticed Duvessa
  5483 | D:4      | Noticed Duvessa
  5483 | D:4      | Duvessa changed into Duvessa the porcupine
  5505 | D:5      | Entered Level 5 of the Dungeon
  5505 | D:5      | Found Kubishai's Antique Armour Emporium.
  5644 | D:5      | Bought a glowing robe for 103 gold pieces
  6431 | D:5      | Found a shattered altar of Ashenzari.
  6640 | D:5      | Found a snail-covered altar of Cheibriados.
  6792 | D:5      | Found Qaac's Book Shop.
  6917 | D:5      | Learned a level 3 spell: Regeneration
  6992 | D:6      | Reached skill level 5 in Dodging
  6992 | D:6      | Reached skill level 7 in Necromancy
  6992 | D:6      | Gained mutation: You have razor-sharp teeth. [Vine Stalker growth]
  6992 | D:6      | Reached XP level 8. HP: 34/36 MP: 9/15
  7046 | D:6      | Got a colourful robe
  7057 | D:6      | Identified the +1 robe of Brilliance {rC++ rN+} (You found it on level 6 of the Dungeon)
  8082 | D:7      | Got a steaming flail
  8084 | D:7      | Identified the cursed +2 flail "Nehivoce" {vamp, Str-5 Int+7 Dex+2 Stlth+} (You found it on level 7 of the Dungeon)
  8127 | D:6      | Reached skill level 8 in Necromancy
  8314 | D:7      | Learned a level 4 spell: Control Undead
  8437 | D:7      | Found a blossoming altar of Fedhas.
  8464 | D:7      | Noticed an oklob plant
  9079 | D:8      | Noticed a hornet
  9089 | D:8      | Killed a hornet
  9089 | D:8      | Reached XP level 9. HP: 21/39 MP: 2/16
  9311 | D:8      | Got a smoking ring mail
  9312 | D:8      | Identified the +2 ring mail of Fioxecl Qiju {-Cast Int+2 Dex+4 SInv} (You found it on level 8 of the Dungeon)
  9483 | D:8      | Reached skill level 9 in Necromancy
  9633 | D:8      | Noticed a two-headed ogre
  9697 | D:7      | Found a staircase to the Ecumenical Temple.
  9733 | Temple   | Entered the Ecumenical Temple
  9910 | Temple   | Became a worshipper of Kikubaaqudgha
 10803 | D:7      | Learned a level 1 spell: Sandblast
 11484 | D:7      | Reached skill level 1 in Earth Magic
 11581 | D:7      | Reached skill level 1 in Shields
 11613 | D:7      | Reached skill level 10 in Necromancy
 11952 | D:7      | Reached * piety under Kikubaaqudgha
 11952 | D:7      | Identified Kikubaaqudgha's Disquisition on Sinister Rituals (Kikubaaqudgha gifted it to you on level 7 of the Dungeon)
 11952 | D:7      | Received a gift from Kikubaaqudgha
 12153 | D:8      | Reached XP level 10. HP: 42/44 MP: 11/17
 12331 | D:8      | Noticed a manticore
 12606 | D:8      | HP: 2/44 [manticore (1)]
 12607 | D:8      | Killed a manticore
 12764 | D:8      | Killed a two-headed ogre
 13489 | D:9      | Found Rilirhot's Food Shoppe.
 13535 | D:9      | Noticed Prince Ribbit
 13571 | D:9      | Killed Prince Ribbit
 14558 | D:9      | Noticed a two-headed ogre
 14805 | D:8      | Reached ** piety under Kikubaaqudgha
 14938 | D:9      | Reached XP level 11. HP: 43/47 MP: 13/18
 15189 | D:10     | Entered Level 10 of the Dungeon
 15218 | D:9      | Reached skill level 11 in Necromancy
 15374 | D:10     | Reached skill level 5 in Earth Magic
 15475 | D:10     | Reached skill level 5 in Shields
 15487 | D:10     | Noticed a two-headed ogre
 15507 | D:10     | Killed a two-headed ogre
 16032 | D:10     | Found a portal to a secret trove of treasure.
 17020 | D:11     | Reached *** piety under Kikubaaqudgha
 17020 | D:11     | Identified Kikubaaqudgha's Disquisition on Darkness (Kikubaaqudgha gifted it to you on level 11 of the Dungeon)
 17020 | D:11     | Received a gift from Kikubaaqudgha
 17071 | D:11     | Found a staircase to the Lair.
 17162 | D:11     | Found a flagged portal.
 17179 | D:11     | HP: 2/47 [yak (12)]
 17209 | D:10     | Reached skill level 5 in Spellcasting
 17343 | Bailey   | Entered a bailey
 17600 | D:11     | Noticed a cyclops
 17615 | D:11     | Killed a cyclops
 17631 | D:11     | HP: 2/47 [vampire (11)]
 17700 | D:11     | Mangled by a komodo dragon

Skill      XL: |  1  2  3  4  5  6  7  8  9 10 11 |
---------------+----------------------------------+-----
Dodging        | 2 3 5 6 7 8 9 |  9.1
Spellcasting   | 3 4 5 |  5.1
Necromancy     | 5 6 7 8 10 11 | 11.2
Earth Magic    | 1 4 5 |  5.5
Shields        | 1 4 5 |  5.6
Stealth        | |  2.4

Action                   |  1- 3 |  4- 6 |  7- 9 | 10-12 || total
-------------------------+-------+-------+-------+-------++-------
Melee: Unarmed           |     3 |       |       |       ||     3
       Club              |    21 |       |       |       ||    21
       Bite              |    13 |    20 |    96 |   119 ||   248
       Dagger            |    27 |    76 |   341 |   280 ||   724
       Great sword       |       |       |       |   164 ||   164
 Cast: Pain              |    56 |    98 |   269 |    88 ||   511
       Animate Dead      |       |     2 |    19 |    29 ||    50
       Vampiric Draining |       |       |    14 |    47 ||    61
       Control Undead    |       |       |     7 |    13 ||    20
       Sandblast         |       |       |    10 |     4 ||    14
       Regeneration      |       |       |     4 |     9 ||    13
Invok: Receive Corpses   |       |       |       |     6 ||     6
Evoke: Wand              |       |     6 |    25 |       ||    31
  Use: Scroll            |     1 |     4 |    13 |     7 ||    25
       Potion            |       |       |     4 |     4 ||     8
 Stab: Paralysed         |       |       |     4 |       ||     4
       Sleeping          |       |       |     1 |     4 ||     5
       Distracted        |       |       |       |     1 ||     1
  Eat: Chunk             |     5 |     4 |    17 |    19 ||    45
       Bread ration      |       |     1 |     3 |     2 ||     6
       Royal jelly       |       |       |       |     1 ||     1
       Fruit             |       |       |       |     1 ||     1
Armor: Robe              |    28 |    18 |    61 |       ||   107
       Steam dragon scal |       |       |     5 |       ||     5
       Leather armour    |       |       |       |   101 ||   101
       Skin              |       |       |       |    15 ||    15
       Troll leather arm |       |       |       |    42 ||    42
Dodge: Dodged            |    85 |    61 |   386 |   610 ||  1142
       Rpst.: Great sword |       |       |       |    80 ||    80
